 Dungeon Crawl Stone Soup version 0.30.1-4-g462c640d31 (webtiles) character file.

Game seed: 9128994534180548038

3248 Prepator the Severer (level 9, -1/71 HPs)
             Began as a Minotaur Fighter on Sept 18, 2023.
             Was a Follower of Uskayaw.
             Killed from afar by an electric eel (10 damage)
             ... with a bolt of electricity
             ... in a bailey.
             The game lasted 00:17:59 (5936 turns).

Prepator the Severer (Minotaur Fighter)             Turns: 5936, Time: 00:18:01

Health: -1/71      AC: 14    Str: 24    XL:     9   Next: 67%
Magic:  0/8        EV:  9    Int:  5    God:    Uskayaw [*.....]
Gold:   434        SH:  4    Dex: 11    Spells: 8/8 levels left

rFire   . . .        f - +2 war axe (flame)
rCold   + . .        c - +0 buckler
rNeg    . . .        v - +2 scale mail {rC+}
rPois   .            k - +0 hat
rElec   .            F - +1 cloak
rCorr   .            x - +2 pair of gloves
SInv    .            (no boots)
Will    .....        B - amulet of guardian spirit Stlth
                     (no ring)
HPRegen 0.31/turn    (no ring)
MPRegen 0.11/turn

%: guardian spirit
@: no status effects
A: horns 2, retaliatory headbutt
a: Renounce Religion, Stomp


You were in a bailey.
You worshipped Uskayaw.
Uskayaw was noncommittal.
You visited 2 branches of the dungeon, and saw 9 of its levels.
You also visited: Bailey.

You collected 434 gold pieces.

Inventory:

Hand Weapons
 f - a +2 war axe of flaming (weapon)
Missiles
 o - 2 atropa-tipped darts (quivered)
 r - 26 poisoned darts
Armour
 c - a +0 buckler (worn)
 k - a +0 hat (worn)
 m - a scarf of repulsion
 v - a +2 scale mail of cold resistance (worn)
 x - a +2 pair of gloves (worn)
 F - a +1 cloak (worn)
 H - a +0 plate armour
 I - +0 acid dragon scales
Jewellery
 h - an amulet of magic regeneration
 y - a ring of fire
 B - an amulet of guardian spirit (around neck)
Wands
 C - a wand of iceblast (8)
 D - a wand of flame (18)
Scrolls
 b - a scroll of amnesia {unknown}
 e - a scroll of noise
 i - a scroll of fear
 j - 2 scrolls of fog
 l - 2 scrolls of vulnerability
 q - 3 scrolls of teleportation
 t - a scroll of blinking {unknown}
 u - a scroll of poison {unknown}
 G - a scroll of immolation
Potions
 a - a potion of curing
 d - 3 potions of might
 g - 2 potions of degeneration
 n - 4 potions of mutation
 p - a potion of haste
 s - 2 potions of brilliance
 z - 4 potions of cancellation
 A - a potion of heal wounds
 E - a potion of berserk rage
 J - a potion of attraction {unknown}


   Skills:
 + Level 4.1 Fighting
 - Level 16.0 Axes
 - Level 3.6 Armour
 - Level 3.6 Shields


You had 8 spell levels left.
You didn't know any spells.
Your spell library contained the following spells:

 Spells                   Type           Power      Damage    Failure   Level
 Ensorcelled Hibernation  Hex/Ice        0%         N/A       93%         2
 Passwall                 Tmut/Erth      0%         N/A       93%         2
 Sublimation of Blood     Necr           0%         N/A       93%         2
 Wereblood                Tmut           0%         N/A       93%         2
 Swiftness                Air            0%         N/A       99%         3
 Summon Hydra             Summ           0%         N/A       100%        7


Dungeon Overview and Level Annotations

Branches:
Dungeon (8/15)             Temple (1/1) D:6          Bailey (1/1)
   Lair: D:8-11

Altars:
Ashenzari
Cheibriados
Elyvilon
Fedhas
Gozag
Hepliaklqana
Makhleb
Nemelex Xobeh
Okawaru
Qazlal
Ru
Trog
Uskayaw
Vehumet
Wu Jian
Xom
Yredelemnul

Annotations:
D:4 2 transporters, jaiteiro's ghost, amateur VSFi


Innate Abilities, Weirdness & Mutations

You have a pair of horns on your head.
You reflexively headbutt those who attack you in melee.


Message History

The electric eel shoots out a bolt of lightning at you!
The bolt of electricity hits you!
An electric eel comes into view.
The electric eel shoots out a bolt of lightning at you!
The bolt of electricity hits the electric eel.
The electric eel completely resists.
The bolt of electricity hits you!
The electric eel shoots out a bolt of lightning at you!
The bolt of electricity misses you.
The electric eel shoots out a bolt of lightning at you!
The bolt of electricity hits you!
The electric eel shoots out a bolt of lightning at you!
The bolt of electricity hits the electric eel.
The electric eel completely resists.
The bolt of electricity hits you!
You are too injured to fight recklessly!
You are too injured to fight recklessly!
You are too injured to fight recklessly!
An electric eel comes into view.
The electric eel shoots out a bolt of lightning at you!
The bolt of electricity hits the electric eel.
The electric eel completely resists.
The bolt of electricity hits you!
The electric eel shoots out a bolt of lightning at you!
The bolt of electricity hits you!
* * * LOW HITPOINT WARNING * * *
The electric eel shoots out a bolt of lightning at you!
The bolt of electricity hits you but does no damage.
The electric eel shoots out a bolt of lightning at you!
The bolt of electricity hits you.
* * * LOW HITPOINT WARNING * * *
You miss the electric eel. You headbutt the electric eel.
The electric eel is moderately wounded.
You hit the electric eel but do no damage.
The electric eel is moderately wounded.
You closely miss the electric eel. Your headbutt misses the electric eel.
The electric eel is moderately wounded.
The electric eel shoots out a bolt of lightning at you!
The bolt of electricity hits you!
* * * LOW HITPOINT WARNING * * *
The electric eel shoots out a bolt of lightning at you!
The bolt of electricity hits you!
You die...

#≈≈≈≈≈# #≈≈≈≈≈#
###≈≈≈≈≈#
#.~≈≈≈≈≈#
#.~≈≈≈≈.######
#.~≈≈≈≈......#
#.~≈≈≈S......###
+......@.......#
+..........∩..∩#
+..............#
#.~≈≈SS......###
#.~≈≈≈S......#
#.~≈≈≈≈.######
#.~≈≈≈≈≈#
###≈≈≈≈≈# ≈≈≈≈


You could see 4 electric eels.

Vanquished Creatures
  Maggie (D:7)
  2 wyverns
  2 steam dragons
  3 black bears (D:5)
  An ice beast (D:7)
  A sky beast (D:8)
  A centaur (D:5)
  2 phantoms
  4 bullfrogs
  A scorpion (D:4)
  12 wights
  A jelly (D:4)
  A gnoll bouda (D:7)
  2 hounds
  An iguana (D:7)
  A sleepcap (D:5)
  10 orc wizards
  Robin (D:4)
  8 gnolls
  10 adders
  A shadow imp (D:6)
  A white imp (D:5)
  An ufetubus (D:5)
  4 worms
  A dart slug (D:3)
  24 orcs
  8 endoplasms
  5 giant cockroaches
  15 goblins
  17 hobgoblins
  10 jackals
  A quokka (D:2)
  13 ball pythons
  6 bats
  3 frilled lizards
  14 kobolds
  2 rats (D:2)
191 creatures vanquished.

Notes
Turn   | Place    | Note
-------+----------+-------------------------------------------
     0 | D:1      | Prepator the Minotaur Fighter began the quest for the Orb.
     0 | D:1      | Reached XP level 1. HP: 19/19 MP: 0/0
    87 | D:1      | Reached skill level 3 in Axes
   111 | D:1      | Reached XP level 2. HP: 27/27 MP: 1/1
   689 | D:2      | Reached skill level 4 in Axes
   692 | D:2      | Reached XP level 3. HP: 33/33 MP: 2/2
  1509 | D:3      | Found a hazy altar of Hepliaklqana.
  1669 | D:3      | Reached skill level 5 in Axes
  1695 | D:3      | Reached XP level 4. HP: 40/40 MP: 3/3
  2246 | D:4      | Found a transporter.
  2276 | D:4      | Noticed a scorpion
  2282 | D:4      | Killed a scorpion
  2283 | D:4      | Reached skill level 6 in Axes
  2283 | D:4      | Reached XP level 5. HP: 46/46 MP: 4/4
  2284 | D:4      | Found a transporter.
  2312 | D:4      | Noticed jaiteiro's ghost (amateur VSFi)
  2391 | D:4      | Noticed Robin
  2428 | D:4      | Killed Robin
  2429 | D:4      | Reached skill level 7 in Axes
  2916 | D:5      | Entered Level 5 of the Dungeon
  2926 | D:5      | Noticed a black bear
  2938 | D:5      | Killed a black bear
  2939 | D:5      | Reached skill level 8 in Axes
  2939 | D:5      | Reached XP level 6. HP: 50/52 MP: 5/5
  3054 | D:5      | Reached skill level 9 in Axes
  3102 | D:5      | Reached XP level 7. HP: 57/59 MP: 6/6
  3465 | D:5      | Found a basalt altar of Yredelemnul.
  3474 | D:5      | Reached skill level 10 in Axes
  3740 | D:6      | Found an iron altar of Okawaru.
  3915 | D:6      | Found a staircase to the Ecumenical Temple.
  3955 | D:6      | Reached skill level 11 in Axes
  4021 | D:6      | Reached XP level 8. HP: 66/66 MP: 7/7
  4284 | D:6      | Reached skill level 12 in Axes
  4470 | Temple   | Entered the Ecumenical Temple
  4508 | Temple   | Became a worshipper of Uskayaw the Reveller
  4536 | D:7      | Reached * piety under Uskayaw
  4540 | D:7      | Reached ** piety under Uskayaw
  4545 | D:7      | Reached *** piety under Uskayaw
  4549 | D:7      | Reached **** piety under Uskayaw
  4553 | D:7      | Reached skill level 13 in Axes
  4818 | D:7      | Reached ***** piety under Uskayaw
  5071 | D:7      | Noticed Maggie
  5097 | D:7      | Killed Maggie
  5098 | D:7      | Reached skill level 14 in Axes
  5098 | D:7      | Reached XP level 9. HP: 23/71 MP: 1/8
  5401 | D:7      | Found a sacrificial altar of Ru.
  5584 | D:7      | Found a snail-covered altar of Cheibriados.
  5785 | D:8      | Reached skill level 15 in Axes
  5875 | D:8      | Reached skill level 16 in Axes
  5880 | D:8      | Found a flagged portal.
  5914 | Bailey   | Entered a bailey
  5936 | Bailey   | Killed from afar by an electric eel

Illustrated notes

Levels and vault maps discovered:
D:1:      saegor_arrival_simple_d, layout_basic
D:2:      layout_loops_ring, kennysheep_small_spiral
D:3:      layout_rooms, mainiacjoe_overflow_surrounded_room,
          kennysheep_big_empty_room, mrwooster_statue_mirror, minmay_puff
D:4:      layout_loops_cross, gammafunk_ghost_mausoleum, serial_bayou_pond_d,
          uniq_robin
D:5:      layout_basic, yredelemnul_altar_generic
D:6:      layout_loops_cross, mainiacjoe_overflow_boulevard,
          minmay_temple_entry_mini_moons, serial_glass, glass_columns_c,
          glass_columns_c, minmay_strange_pillars, due_unseen_surprise,
          item_on_display_a, item_on_display_a
D:7:      layout_loops_ring, nicolae_ru_great_annihilating_truth,
          cheibrodos_worm_habitat, minmay_a_box_with_orc_wizards_in_it,
          uniq_maggie
D:8:      layout_basic, kiku_gazebo_pond_becter, zin_scriptorium,
          enter_bailey_5, nicolae_diode_basic, uniq_joseph
Temple:   nicolae_temple_no_exploring_needed
Bailey:   bailey_axe_of_yendor_kennysheep, bailey

Skill      XL: |  1  2  3  4  5  6  7  8  9 |
---------------+----------------------------+-----
Axes           | 3 4 5 6 8 9 11 14 16 | 16.0
Fighting       | 4 |  4.1
Armour         | |  3.6
Shields        | |  3.6

Action                     |  1- 3 |  4- 6 |  7- 9 || total
---------------------------+-------+-------+-------++-------
  Melee: War axe           |   109 |   170 |   210 ||   489
         Headbutt          |     9 |    25 |    42 ||    76
    Use: Scroll            |       |       |    14 ||    14
   Stab: Paralysed         |       |       |     8 ||     8
 Armour: Scale mail        |    64 |    87 |    80 ||   231
  Dodge: Dodged            |    48 |    80 |    83 ||   211
  Block: Buckler           |    25 |    23 |    37 ||    85
